 Dungeon Crawl Stone Soup version 0.32-a0-928-g1cae6b7ea0 (webtiles) character file.

Game seed: 4636440284605985594

23798 bronco the Severer (level 12, -3/105 HPs)
             Began as a Mountain Dwarf Fighter on Apr 12, 2024.
             Was an Elder of Vehumet.
             Slain by a fire crab (15 damage)
             ... on level 2 of the Lair of Beasts.
             The game lasted 00:49:45 (16831 turns).

bronco the Severer (Mountain Dwarf Fighter)        Turns: 16831, Time: 00:49:45

Health: -3/105     AC: 19    Str: 20    XL:     12   Next: 75%
Magic:  23/23      EV:  9    Int: 19    God:    Vehumet [****..]
Gold:   704        SH:  0    Dex:  9    Spells: 21/26 levels left

rFire   . . .        a - +2 executioner's axe (elec)
rCold   . . .        (shield currently unavailable)
rNeg    . . .        e - +0 swamp dragon scales
rPois   +            v - +0 helmet {SInv}
rElec   .            t - +2 cloak
rCorr   .            K - +1 pair of gloves
SInv    +            G - +0 pair of boots
Will    +....        M - amulet of the acrobat Stlth
                     k - +6 ring of intelligence
HPRegen 0.37/turn    (no ring)
MPRegen 0.18/turn

%: acrobat
@: no status effects
A: runic magic, artefact enchanting
a: Renounce Religion


You were on level 2 of the Lair of Beasts.
You worshipped Vehumet.
Vehumet was greatly pleased with you.
You visited 3 branches of the dungeon, and saw 12 of its levels.
You also visited: Sewer and Bailey.

You collected 704 gold pieces.

Inventory:

Hand Weapons
 a - a +2 executioner's axe of electrocution (weapon)
 b - the +2 spear of Trauma {venom, Str-3 Dex+7 SInv}
   (You found it on level 8 of the Dungeon)

   Str-3:     It affects your strength (-3).
   Dex+7:     It affects your dexterity (+7).
   SInv:      It lets you see invisible.
 H - a +0 battleaxe of flaming
Missiles
 h - 16 poisoned darts
 o - 111 stones
 y - 4 silver javelins
 J - 2 curare-tipped darts
 U - 4 boomerangs
Armour
 c - a +0 buckler
 e - +0 swamp dragon scales (worn)
 n - a +1 ring mail of fire resistance
 t - a +2 cloak (worn)
 v - a +0 helmet of see invisible (worn)
 G - a +0 pair of boots (worn)
 K - a +1 pair of gloves (worn)
 O - +2 storm dragon scales
Magical Staves
 A - a staff of fire
Jewellery
 k - a +6 ring of intelligence (left hand)
 M - an amulet of the acrobat (around neck)
Wands
 f - a wand of light (6) (quivered)
 s - a wand of warping (9)
 F - a wand of charming (21)
 I - a wand of mindburst (4)
Scrolls
 j - a scroll of amnesia
 q - a scroll of revelation
 E - 3 scrolls of teleportation
 R - 3 scrolls of brand weapon
Potions
 d - 4 potions of might
 g - a potion of lignification
 m - 2 potions of enlightenment
 p - a potion of ambrosia
 r - 5 potions of curing
 u - a potion of invisibility
 w - 4 potions of mutation
 x - 2 potions of resistance
 z - a potion of cancellation
 B - 2 potions of brilliance
 D - a potion of magic
 P - a potion of berserk rage {unknown}
Miscellaneous
 Q - a Gell's gravitambourine (2/2)


   Skills:
 - Level 9.6 Fighting
 - Level 16.5 Axes
 - Level 10.3 Armour
 - Level 3.2 Shields
 + Level 7.9 Spellcasting
 - Level 7.2 Earth Magic


You had 21 spell levels left.
You knew the following spells:

 Your Spells              Type           Power      Damage    Failure   Level
a - Magic Dart            Conj           28%        1d4       3%          1
b - Vampiric Draining     Necr           7%         2d6       30%         3
c - Sandblast             Erth           70%        2d15      1%          1

Your spell library contained the following spells:

 Spells                   Type           Power      Damage    Failure   Level
 Iskenderun's Battlesphe  Conj           7%         2d6       54%         5
 Slow                     Hex            28%        N/A       11%         1
 Confusing Touch          Hex            7%         N/A       30%         3
 Dispersal                Tloc           3%         N/A       100%        6
 Gell's Gavotte           Tloc           3%         2d(13-19) 100%        6
 Manifold Assault         Tloc           3%         N/A       100%        7
 Disjunction              Tloc           3%         N/A       100%        8


Dungeon Overview and Level Annotations

Branches:
Dungeon (9/15)             Temple (1/1) D:5            Lair (2/5) D:8
  Swamp (0/4) Lair:2       Spider (0/4) Lair:2          Orc (0/2) D:9
  Sewer (visited)          Bailey (visited)

Altars:
Ashenzari
Cheibriados
Dithmenos
Elyvilon
Fedhas
Gozag
Hepliaklqana
Kikubaaqudgha
Makhleb
Okawaru
Qazlal
Ru
Sif Muna
Trog
Uskayaw
Vehumet
Wu Jian
Xom
Yredelemnul
The Shining One

Shops:
D:5 ?   D:8 [


Innate Abilities, Weirdness & Mutations

Your spellcasting is much less encumbered by armour.
You can use scrolls of enchantment on lesser artefacts.


Message History

You are engulfed in flames!
You hit the fire crab.
The fire crab is moderately wounded.
The fire crab misses you. The fire crab closely misses you.
You barely miss the fire crab.
The fire crab is moderately wounded.
The fire crab bites you.
You are engulfed in flames!
The fire crab misses you. The fire crab closely misses you.
The fire crab barely misses you.
You are too injured to fight recklessly!
You are too injured to fight recklessly!
You hit the fire crab but do no damage.
The fire crab is moderately wounded.
The fire crab bites you but does no damage.
The fire crab completely misses you.
You closely miss the fire crab.
The fire crab is moderately wounded.
The fire crab closely misses you. The fire crab barely misses you.
You strike the helpless fire crab from behind!
You hit the fire crab but do no damage.
Lightning courses through the fire crab!
The fire crab is heavily wounded.
The fire crab is no longer blind.
The fire crab bites you!
You are engulfed in flames!
The fire crab claws you.
* * * LOW HITPOINT WARNING * * *
You are engulfed in flames!
* * * LOW HITPOINT WARNING * * *
Unknown command.
Okay, then.
Okay, then.
Okay, then.
Aiming: Bolt of Light
Press: ? - help, Q - select action, (/) - cycle Shift-Dir - straight line, f/p - fire crab
Aim: a fire crab (heavily wounded, 86% to hit)
The bolt of light hits the fire crab!
The fire crab is severely wounded.
The fire crab is blinded.
The fire crab bites you.
* * * LOW HITPOINT WARNING * * *
You are engulfed in flames!
You die...

###....##..#......#####.## #...÷.
.P.....######.......##### ##...##
.........##.......###.#####....#.
.................................
.................................
................<................
.................................
.................................
................@..######P#......
.....#.###'###.t...# ###......
......####..##.....# ######......
.......#.#'P.#.....# #..##.......
......##...........###...........
.....###....#......#......#......
.....###..###P.....###.##.#>.....
......#..#####.....#...#.#......÷
...#..###÷##.#...................


You could see a fire crab (blind, unable to see you).

Vanquished Creatures
  A ghost crab (Lair:2)
  4 hydras
  3 two-headed ogres (D:9)
  A fire crab (Lair:2)
  Pikel (D:7)
  An orc knight (Bailey)
  A spectral hydra (Lair:2)
  An oklob plant (Lair:1)
  A spectral boulder beetle (Lair:2)
  A black mamba (Lair:1)
  7 cane toads
  Maggie (D:7)
  A torpor snail (Lair:2)
  A komodo dragon (Lair:1)
  A rime drake (Lair:2)
  A troll (D:9)
  Prince Ribbit (D:7)
  3 hornets (Lair:2)
  10 blink frogs (Lair:1)
  5 jumping spiders (Lair:2)
  Grinder (D:5)
  2 culicivoras (Lair:2)
  Sigmund (D:4)
  3 wyverns
  2 basilisks
  A redback (Lair:1)
  11 yaks
  2 steam dragons
  3 spectral cane toads (Lair:2)
  An acid dragon (D:7)
  5 water moccasins
  4 orc warriors
  An ice beast (D:6)
  3 black bears
  A spectral rime drake (Lair:2)
  An ogre (D:6)
  2 centaurs
  17 wolves
  A lemure (D:7)
  4 kobold brigands
  Blork the orc (D:6)
  7 bullfrogs
  3 scorpions
  A spectral water moccasin (Lair:2)
  7 wights
  2 howler monkeys (D:4)
  2 bombardier beetles
  7 hounds
  2 jellies
  4 orc priests
  An iguana (D:4)
  Terence (D:2)
  A gnoll bouda (D:9)
  9 orc wizards
  6 adders
  7 gnolls
  2 shadow imps
  2 white imps
  2 ufetubi (D:6)
  6 ribbon worms
  52 orcs
  9 endoplasms
  A giant cockroach (D:1)
  11 hobgoblins
  11 jackals
  3 quokkas
  9 ball pythons
  12 bats
  5 frilled lizards
  6 goblins
  37 kobolds
  9 rats
350 creatures vanquished.

Vanquished Creatures (others)
  A human (D:3)
1 creature vanquished.

Grand Total: 351 creatures vanquished

Notes
Turn   | Place    | Note
-------+----------+-------------------------------------------
     0 | D:1      | bronco the Mountain Dwarf Fighter began the quest for the
                  | Orb.
     0 | D:1      | Reached XP level 1. HP: 19/19 MP: 1/1
    48 | D:1      | Reached skill level 3 in Axes
   124 | D:1      | Reached XP level 2. HP: 25/26 MP: 2/2
   244 | D:1      | Reached skill level 4 in Axes
   334 | D:1      | Reached XP level 3. HP: 31/31 MP: 3/3
   923 | D:2      | Noticed Terence
   933 | D:2      | Killed Terence
   934 | D:2      | Reached skill level 5 in Axes
   934 | D:2      | Reached XP level 4. HP: 29/38 MP: 4/4
  1432 | D:3      | Found an ancient bone altar of Kikubaaqudgha.
  1461 | D:3      | Noticed a human
  1463 | D:3      | Killed a human
  1693 | D:3      | Found a faded altar of an unknown god.
  1700 | D:3      | Reached skill level 6 in Axes
  1711 | D:3      | Reached XP level 5. HP: 35/45 MP: 5/5
  2345 | D:4      | Reached skill level 7 in Axes
  2436 | D:4      | Reached XP level 6. HP: 49/51 MP: 6/6
  2437 | D:4      | Found a glowing drain.
  2446 | Sewer    | Entered a sewer
  2488 | Sewer    | Reached skill level 8 in Axes
  3202 | D:4      | Noticed Sigmund
  3221 | D:4      | Killed Sigmund
  3222 | D:4      | Reached XP level 7. HP: 54/59 MP: 7/7
  3909 | D:5      | Entered Level 5 of the Dungeon
  3909 | D:5      | Found Ceohoojo's Magic Scroll Emporium.
  3983 | D:5      | Reached skill level 5 in Armour
  4465 | D:5      | Reached skill level 5 in Fighting
  4495 | D:5      | Reached XP level 8. HP: 60/68 MP: 8/8
  4963 | D:5      | Noticed Grinder
  4971 | D:5      | Killed Grinder
  5052 | D:5      | Found a staircase to the Ecumenical Temple.
  5082 | Temple   | Entered the Ecumenical Temple
  5097 | Temple   | Became a worshipper of Vehumet
  5213 | D:5      | Identified the +1 robe "Zeqeora" {+Inv Archmagi}
  5679 | D:6      | Noticed Blork the orc
  5685 | D:6      | Killed Blork the orc
  6268 | D:7      | Noticed Maggie
  6281 | D:7      | Killed Maggie
  6281 | D:7      | Reached * piety under Vehumet
  6281 | D:7      | Offered knowledge of Magic Dart by Vehumet.
  6282 | D:7      | Reached XP level 9. HP: 54/79 MP: 9/9
  6284 | D:7      | Learned a level 1 spell: Magic Dart
  6293 | D:7      | Noticed Prince Ribbit
  6333 | D:7      | Killed Prince Ribbit
  6700 | D:7      | Noticed Pikel
  6729 | D:7      | Killed Pikel
  7000 | D:7      | Reached skill level 10 in Armour
  7493 | D:7      | Found a white marble altar of Elyvilon.
  7581 | D:7      | Learned a level 3 spell: Vampiric Draining
  8001 | D:8      | Found a staircase to the Lair.
  8049 | D:8      | Reached skill level 9 in Axes
  8056 | D:8      | Reached XP level 10. HP: 56/91 MP: 10/10
  8070 | D:8      | Reached skill level 10 in Axes
  8253 | D:8      | Identified the +2 spear of Trauma {venom, Str-3 Dex+7 SInv}
  8513 | D:8      | Found Gapritul's Armour Shoppe.
  8927 | D:9      | Identified a scroll of acquirement
  8927 | D:9      | Acquired a +2 executioner's axe of electrocution
  9119 | D:9      | Reached skill level 11 in Axes
  9183 | D:9      | Found a flagged portal.
  9197 | D:9      | Reached ** piety under Vehumet
  9197 | D:9      | Offered knowledge of Sandblast by Vehumet.
  9206 | Bailey   | Entered a bailey
  9209 | Bailey   | Learned a level 1 spell: Sandblast
  9724 | Bailey   | Noticed an orc knight
  9757 | Bailey   | Killed an orc knight
  9758 | Bailey   | Reached skill level 12 in Axes
 10308 | D:9      | Noticed a two-headed ogre
 10315 | D:9      | Killed a two-headed ogre
 10316 | D:9      | Reached skill level 13 in Axes
 10582 | D:9      | Noticed a two-headed ogre
 10591 | D:9      | Killed a two-headed ogre
 10592 | D:9      | Reached skill level 14 in Axes
 10676 | D:9      | Offered knowledge of Mephitic Cloud by Vehumet.
 10835 | D:9      | Found a staircase to the Orcish Mines.
 10913 | D:9      | Reached XP level 11. HP: 95/97 MP: 11/11
 10956 | D:9      | Noticed a two-headed ogre
 10961 | D:9      | Killed a two-headed ogre
 11090 | Lair:1   | Entered Level 1 of the Lair of Beasts
 11110 | Lair:1   | Reached *** piety under Vehumet
 11113 | Lair:1   | Reached skill level 15 in Axes
 11633 | Lair:1   | Reached skill level 16 in Axes
 12388 | Lair:1   | Noticed an oklob plant
 12487 | Lair:1   | Offered knowledge of Volatile Blastmotes by Vehumet.
 12632 | Lair:1   | Reached skill level 5 in Earth Magic
 13214 | Lair:2   | Found a hole to the Spider Nest.
 13268 | Lair:2   | Noticed a six-headed hydra
 13277 | Lair:2   | Killed a three-headed hydra
 13403 | Lair:1   | Noticed a five-headed hydra
 13413 | Lair:1   | Killed a one-headed hydra
 13544 | Lair:1   | Killed an oklob plant
 13545 | Lair:1   | Reached XP level 12. HP: 68/105 MP: 12/12
 13731 | Lair:1   | Reached skill level 1 in Spellcasting
 14011 | Lair:2   | Reached **** piety under Vehumet
 14309 | Lair:2   | Noticed a four-headed hydra
 14494 | Lair:2   | Killed a one-headed hydra
 14669 | Lair:2   | Offered knowledge of Iskenderun's Battlesphere by Vehumet.
 14673 | Lair:2   | Reached skill level 5 in Spellcasting
 15086 | Lair:2   | Noticed a ghost crab
 15303 | Lair:2   | Killed a ghost crab
 15428 | Lair:2   | Found a staircase to the Swamp.
 16536 | Lair:2   | Noticed an anaconda
 16536 | Lair:2   | Noticed a seven-headed hydra
 16607 | Lair:2   | Killed a three-headed hydra
 16831 | Lair:2   | Slain by a fire crab

Illustrated notes

Levels and vault maps discovered:
D:1:      wander_arrival_lonely_grave, layout_loops_ring
D:2:      minmay_wonky_spiral, layout_rooms, minmay_fountain_box, uniq_terence
D:3:      layout_basic, tgw_kikubaaqudgha, nicolae_ecumenical_pavilion
D:4:      layout_layer_cave, cheibrodos_sewer_entry_sluice,
          supply_closet_lemuel, minmay_misc_feat_tower, uniq_sigmund
D:5:      kennysheep_kobold_camp, layout_layer_cave, temple_pool_b,
          corexii_hall_statues_l, nicolae_stop_n_shop_1, uniq_grinder
D:6:      layout_rooms, uniq_blork_the_orc
D:7:      layout_basic, kennysheep_mini, serial_bayou_pond_d, uniq_pikel,
          uniq_prince_ribbit1, uniq_maggie
D:8:      layout_loops_ring, lair_entry_dummy, serial_shops,
          nicolae_take_the_stairs
D:9:      layout_gridville, hiddenorc1_lemuel, enter_bailey_5,
          unseen_surprise_small
Temple:   eino_narrow_crystal_temple
Lair:1:   layout_layer_cave, hibernation_bobbens
Lair:2:   layout_regular_city, nicolae_swamp_entry_spooky,
          nicolae_spider_entry_tight_spaces, nicolae_lair_lakeside_cave

Skill      XL: |  1  2  3  4  5  6  7  8  9 10 11 12 |
---------------+-------------------------------------+-----
Axes           | 3 4 5 6 7 8 9 14 16 | 16.5
Fighting       | 4 5 7 9 |  9.6
Armour         | 4 6 8 10 | 10.3
Earth Magic    | 7 |  7.2
Spellcasting   | 7 |  7.9
Shields        | |  3.2

Action                     |  1- 3 |  4- 6 |  7- 9 | 10-12 || total
---------------------------+-------+-------+-------+-------++-------
  Melee: War axe           |   109 |   186 |   295 |       ||   590
         Battleaxe         |       |       |    13 |    61 ||    74
         Executioner's axe |       |       |       |   445 ||   445
         Spear             |       |       |       |    39 ||    39
  Throw: Dart              |    16 |    17 |    33 |    62 ||   128
         Boomerang         |       |    28 |    73 |    27 ||   128
         Javelin           |       |       |     4 |    17 ||    21
         Throwing net      |       |       |       |     3 ||     3
         Stone             |       |       |       |    29 ||    29
   Cast: Magic Dart        |       |       |     1 |     3 ||     4
         Sandblast         |       |       |       |    59 ||    59
  Evoke: Wand              |       |       |    11 |     2 ||    13
    Use: Potion            |     1 |     2 |     2 |     3 ||     8
         Scroll            |       |    12 |     7 |     8 ||    27
   Stab: Invisible         |       |       |       |     1 ||     1
 Armour: Scale mail        |    94 |   127 |    14 |       ||   235
         Ring mail         |       |       |   170 |       ||   170
         Swamp dragon scal |       |       |    59 |   551 ||   610
         Storm dragon scal |       |       |       |   121 ||   121
  Dodge: Dodged            |    39 |    53 |   159 |   382 ||   633
  Block: Buckler           |    29 |    39 |    63 |       ||   131

Table legend: (Time is in decaauts)
 A = Elapsed time spent in this place.
 B = Non-inter-level travel time spent in this place.
 C = Inter-level travel time spent in this place.
 D = Time resting spent in this place.
 E = Time spent auto-exploring this place.
 F = Levels seen in this place.
 G = Mean time per level.
                   A        B        C        D        E       F      G
               +--------+--------+--------+--------+--------+-----+--------+
         Total |  17106 |  16506 |    600 |   3381 |   9753 |  14 | 1221.9 |
       Dungeon |   9924 |   9505 |    419 |   1104 |   6618 |   9 | 1102.7 |
        Temple |     30 |      2 |     28 |      0 |      0 |   1 |   30.0 |
          Lair |   5799 |   5646 |    153 |   1902 |   2759 |   2 | 2899.5 |
         Sewer |    447 |    447 |      0 |      0 |    324 |   1 |  447.0 |
        Bailey |    905 |    905 |      0 |    374 |     51 |   1 |  905.0 |
               +--------+--------+--------+--------+--------+-----+--------+

Top non-repeatable levels by time:
  Lair:2: 2939 daAuts
  Lair:1: 2859 daAuts
     D:7: 1883 daAuts
     D:5: 1423 daAuts
     D:9: 1281 daAuts
     D:4: 1243 daAuts
     D:8: 981 daAuts
     D:3: 952 daAuts
  Bailey: 905 daAuts
     D:1: 903 daAuts
     D:6: 713 daAuts
     D:2: 542 daAuts
   Sewer: 447 daAuts
  Temple: 30 daAuts
